 Dungeon Sprint DCSS version 0.29.0-11-gd7f09526c8 (webtiles) character file.

Game seed: 18025432546619624178

7 NinjaNoafa the Zephyrmancer (level 2, -6/15 HPs)
             Began as a Tengu Air Elementalist on Sept 6, 2022.
             Was an Initiate of Qazlal.
             Mangled by a rust devil (12 damage)
             ... in the Dungeon (Sprint V: "Ziggurat Sprint").
             The game lasted 00:03:19 (142 turns).

NinjaNoafa the Zephyrmancer (Tengu Air Elementalist) Turns: 142, Time: 00:03:20

Health: -6/15      AC: -18   Str:  8    XL:     2   Next: 0%
Magic:  8/13       EV: 12    Int: 33    God:    Qazlal [......]
Gold:   0          SH:  0    Dex: 14    Spells: 5/8 levels left

rFire   . . .      SeeInvis .   k - +6 Majin-Bo {vamp, MP+6 Int+6}
rCold   . . .      Faith    .   (shield currently unavailable)
rNeg    . . .      Spirit   .   a - +0 robe
rPois   .          Reflect  .   (helmet restricted)
rElec   .          Harm     .   (no cloak)
rCorr   .          Rampage  .   (no gloves)
Will    .....      NoTele   +   (boots unavailable)
Stlth   ++........              (no amulet)
HPRegen 0.05/turn               t - +6 ring of intelligence
MPRegen 0.13/turn               u - +6 ring of intelligence

@: brilliant, corroded
A: beak, talons 3
a: Renounce Religion


You were in the Dungeon.
You worshipped Qazlal.
Qazlal was noncommittal.
You visited 1 branch

Inventory:

Hand Weapons
 k - the +6 Majin-Bo (weapon) {vamp, MP+6 Int+6}
   (You found it in the Dungeon)

   It heals its wielder for a portion of the damage dealt when they wound a
   living foe with it or with a spell.
   Its wielder's spells cost health as well as magical power.
   Int:       It affects your intelligence (+6).
   MP:        It affects your magic capacity (+6).
Armour
 a - a +0 robe (worn)
Jewellery
 q - a ring of flight
 r - a +6 ring of dexterity
 s - a +6 ring of dexterity
 t - a +6 ring of intelligence (left hand)
 u - a +6 ring of intelligence (right hand)
 v - a +6 ring of strength
 w - a +6 ring of strength
Wands
 x - a wand of mindburst (7)
 y - a wand of quicksilver (7)
Scrolls
 g - 4 scrolls of blinking
 m - 4 scrolls of amnesia
 n - 7 scrolls of butterflies
 o - 5 scrolls of identify
 p - 2 scrolls of fear
Potions
 b - 8 potions of magic
 c - 10 potions of curing
 d - 6 potions of heal wounds
 e - 6 potions of haste
 f - 3 potions of berserk rage
 h - a potion of brilliance
 i - 2 potions of invisibility
 j - 4 potions of resistance
 l - 5 potions of might
Miscellaneous
 z - a lightning rod (4/4)


   Skills:
 + Level 2.1 Dodging
 + Level 2.0 Stealth
 + Level 3.8 Spellcasting
 + Level 4.9 Conjurations
 + Level 8.0 Air Magic


You had 5 spell levels left.
You knew the following spells:

 Your Spells              Type           Power      Damage    Failure   Level
a - Shock                 Conj/Air       100%       1d9       1%          1
b - Static Discharge      Conj/Air       65%        3-12/arc  1%          2

Your spell library contained the following spells:

 Spells                   Type           Power      Damage    Failure   Level
 Swiftness                Air            73%        N/A       1%          3
 Airstrike                Air            36%        2d(6-22)  1%          4


Dungeon Overview and Level Annotations

Branches:
Dungeon (1/1)

Altars:
Ashenzari
Cheibriados
Dithmenos
Elyvilon
Fedhas
Gozag
Hepliaklqana
Kikubaaqudgha
Makhleb
Nemelex Xobeh
Okawaru
Qazlal
Ru
Sif Muna
Trog
Uskayaw
Vehumet
Wu Jian
Xom
Yredelemnul
Zin
The Shining One
Jiyva
Lugonu

Annotations:
D 1 transporter


Innate Abilities, Weirdness & Mutations

You have a beak for a mouth.
You have claws for feet.


Message History

Casting: Shock (safe; 1% risk of failure)
Confirm with . or Enter, or press ? or * to list all spells.
The shadow imp is struck by an arc of lightning.
The shadow imp is moderately wounded.
The shadow imp hits you. The rust devil hits you. The rust devil corrodes you!
You feel much better.
The shadow imp grinds its teeth.
The shadow imp hits you. The rust devil hits you. The rust devil corrodes you!
You feel clever all of a sudden. The shadow imp gestures at you.
Pain shoots through your body! The rust devil hits you!
Ouch! That really hurt!
* * * LOW HITPOINT WARNING * * *
The rust devil corrodes you!
You feel much better. The shadow imp barely misses you.
The rust devil closely misses you.
Casting: Static Discharge (safe; 1% risk of failure)
Confirm with . or Enter, or press ? or * to list all spells.
You feel a surge of power!
The shadow imp is struck by an arc of lightning.
The shadow imp is severely wounded.
The shadow imp closely misses you. The rust devil hits you!
Ouch! That really hurt!
* * * LOW HITPOINT WARNING * * *
The rust devil corrodes you!
You feel much better. The shadow imp barely misses you.
The rust devil hits you!
Ouch! That really hurt!
The rust devil corrodes you!
You feel much better. The shadow imp hits you. The rust devil hits you.
The rust devil corrodes you!
Casting: Static Discharge (safe; 1% risk of failure)
Confirm with . or Enter, or press ? or * to list all spells.
You feel a surge of power!
The shadow imp is struck by an arc of lightning!
You kill the shadow imp!
Qazlal accepts your kill. The rust devil hits you!
Ouch! That really hurt!
You die...

▓▓▓▓▓▓▓
▓.8©8.▓
▓.....▓
▓.|.).▓
▓.....▓
▓.4...▓
▓..@..▓
▓▓▓▓▓▓▓


You could see a rust devil.

Vanquished Creatures
  A shadow imp (D)
1 creature vanquished.

Notes
Turn   | Place    | Note
-------+----------+-------------------------------------------
     0 | D        | NinjaNoafa the Tengu Air Elementalist began the quest for
                  | the Orb.
     0 | D        | Reached XP level 1. HP: 10/10 MP: 4/4
     0 | D        | Found a shimmering blue altar of Sif Muna.
     0 | D        | Found a sacrificial altar of Ru.
     0 | D        | Found a bloodstained altar of Trog.
     0 | D        | Found a stormy altar of Qazlal.
     0 | D        | Found an iron altar of Okawaru.
     0 | D        | Found a sparkling altar of Nemelex Xobeh.
     0 | D        | Found a blossoming altar of Fedhas.
     0 | D        | Found the +6 Majin-Bo {vamp, MP+6 Int+6}
     0 | D        | Found the +9 heavy crossbow "Sniper" {vorpal, Acc+∞ SInv}
     0 | D        | Found the +10 dark maul {vorpal}
     0 | D        | Found the +15 Maxwell's patent armour {-Cast -Tele rElec
                  | Will+ rCorr}
     0 | D        | Found the +18 shield of the Gong {rElec rN+ Will+ EV-5}
     0 | D        | Found the +14 obsidian axe {vorpal, Mesm Drain Fly SInv}
     0 | D        | Found the +7 great mace "Firestarter" {inner flame, rF++}
     0 | D        | Found the +6 shillelagh "Devastator" {shatter}
     0 | D        | Found the +11 plutonium sword {Contam Stlth-}
     0 | D        | Found the +8 lance "Wyrmbane" {slay drac, rPois rF+ rC+
                  | AC+3}
     0 | D        | Found the +9 sword of Zonguldrok {reap}
     0 | D        | Found the +13 scythe of Curses {drain, Drain}
     0 | D        | Found the +5 sword of Power {vorpal}
     0 | D        | Found the +7 mace of Variability {chain chaos}
     0 | D        | Found the +7 Singing Sword {vorpal, sonic wave}
     0 | D        | Found the +8 storm bow {elec, penet}
     2 | D        | Found a transporter.
     2 | D        | Found an ancient bone altar of Kikubaaqudgha.
     2 | D        | Found a viscous altar of Jiyva.
     2 | D        | Found a corrupted altar of Lugonu.
     2 | D        | Found a hazy altar of Hepliaklqana.
     2 | D        | Found a burning altar of Makhleb.
     2 | D        | Found an opulent altar of Gozag.
    24 | D        | Reached skill level 8 in Air Magic
    24 | D        | Reached XP level 2. HP: 15/15 MP: 4/7
    33 | D        | Became a worshipper of Qazlal Stormbringer
    41 | D        | Learned a level 2 spell: Static Discharge
   132 | D        | Entered arena 2.
   132 | D        | Noticed a rust devil
   132 | D        | Found a transporter.
   142 | D        | Mangled by a rust devil

Illustrated notes

Levels and vault maps discovered:
D:        sprint_v [room_start, room_1, room_2, room_3, room_4, room_5, room_6,
          room_7, room_8, room_9, room_10, room_11, room_12, room_13, room_14,
          room_15, room_16, room_17, room_18, room_19, room_20, room_21,
          room_22, room_23, room_24, room_25, room_26, room_27]

Skill      XL: |  1 |
---------------+----+-----
Spellcasting   | 3 |  3.8
Conjurations   | 4 |  4.9
Air Magic      | 8 |  8.0
Dodging        | |  2.1
Stealth        | |  2.0

Action                   || total
-------------------------++-------
 Cast: Static Discharge  ||     3
       Shock             ||     2
  Use: Potion            ||     6
Dodge: Dodged            ||     4
